 Dungeon Crawl Stone Soup version 0.24-a0-194-g9bee6eb (webtiles) character file.

Game seed: 5788351749262465665

366 Djinn71 the Cudgeler (level 6, -11/39 HPs)
             Began as a Gargoyle Monk on Mar 18, 2019.
             Mangled by an orc warrior
             ... wielding a +0 long sword
              (13 damage)
             ... on level 3 of the Dungeon.
             The game lasted 00:11:53 (3299 turns).

Djinn71 the Cudgeler (Gargoyle Monk)                Turns: 3299, Time: 00:11:53

Health: -11/39     AC: 13    Str: 15    XL:     6   Next: 68%
Magic:  6/6        EV: 12    Int: 11    God:
Gold:   145        SH:  0    Dex: 15    Spells: 5/5 levels left

rFire    x . .     SeeInvis .   a - +0 mace
rCold    + . .     Gourm    .   (no shield)
rNeg     + . .     Faith    .   j - +0 ring mail
rPois    ∞         Spirit   .   k - +2 helmet
rElec    +         Reflect  .   (no cloak)
rCorr    .         Harm     .   (no gloves)
MR       .....                  (no boots)
Stlth    ++........             (no amulet)
HPRegen  0.13/turn              h - ring of ice
MPRegen  0.10/turn              (no ring)

@: no status effects
A: agile 1, mutation resistance 1, negative energy resistance 1, electricity
resistance, unbreathing, petrification resistance, rot immunity, AC +4
a: no special abilities


You were on level 3 of the Dungeon.
You were not hungry.

You visited 1 branch of the dungeon, and saw 4 of its levels.

You collected 145 gold pieces.

Inventory:

Hand Weapons
 a - a +0 mace (weapon)
Armour
 j - a +0 ring mail (worn)
 k - a +2 helmet (worn)
Jewellery
 h - a ring of ice (left hand)
Scrolls
 b - 2 scrolls of random uselessness {unknown}
 d - a scroll of fear {unknown}
 f - 2 scrolls of amnesia
 g - a scroll of magic mapping {unknown}
 i - 2 scrolls of identify
 n - a scroll of remove curse {unknown}
Potions
 e - a potion of invisibility {unknown}
 l - a potion of heal wounds {unknown}
 m - a potion of mutation
 o - a potion of haste {unknown}
Comestibles
 c - 6 rations


   Skills:
 + Level 4.7 Fighting
 * Level 5.4 Maces & Flails
 + Level 2.7 Armour
 - Level 2.7 Dodging
 - Level 3.0 Stealth


You had 5 spell levels left.
You didn't know any spells.
Your spell library was empty.

Dungeon Overview and Level Annotations

Branches:
Dungeon (4/15)
 Temple: D:4-7

Altars:


Innate Abilities, Weirdness & Mutations

You are resistant to torment.
Your stone body is resilient. (AC +4)
You are immune to poison.
You resist negative energy. (rN+)
You are resistant to electric shocks. (rElec)
You can survive without breathing.
You are immune to petrification.
You are immune to rotting.
You are agile. (Dex +2)
You are somewhat resistant to further mutation.


Message History

* * * LOW HITPOINT WARNING * * *
You hit the orc warrior but do no damage.
The orc warrior is lightly wounded.
The orc warrior closely misses you.
You barely miss the orc warrior.
The orc warrior is lightly wounded.
The orc warrior hits you with a +0 long sword.
* * * LOW HITPOINT WARNING * * *
You hit the orc warrior.
The orc warrior is moderately wounded.
The orc warrior barely misses you.
You hit the orc warrior but do no damage.
The orc warrior is moderately wounded.
You barely miss the orc warrior.
The orc warrior is moderately wounded.
The orc warrior barely misses you.
You hit the orc warrior.
The orc warrior is moderately wounded.
The orc warrior hits you with a +0 long sword!
You die...

#.....#.# #....# #..## #.#
#.....#.####....###.#####.# #
#.....!...##...........##.###
#####......................##.##.
...........................##.##.
....#.........#..[.........##.##.
....#####.###...##..######....##.
....# #..# #.#.##.....###.......
....# #..# #...@o.>....##..#.###
....####..###...............#.###
†....##...##....).........###....
####.#..#.##)................###.
..........................##.####
.......##.#.(.............##..# #
..........................###.###
......<.....#.............# #....
........................#.# #####


You could see an orc warrior.

Vanquished Creatures
  A howler monkey (D:4)
  A hound (D:4)
  An orc priest (D:3)
  An orc wizard (D:3)
  Jessica (D:2)
  An iguana (D:4)
  3 gnolls (D:4)
  6 adders
  2 oozes (D:3)
  5 worms
  3 dart slugs
  5 leopard geckos
  6 orcs
  A giant cockroach (D:3)
  8 goblins
  7 hobgoblins
  3 jackals (D:3)
  A quokka (D:2)
  A ball python (D:4)
  6 bats
  4 frilled lizards
  7 kobolds
  4 rats
78 creatures vanquished.

Notes
Turn   | Place    | Note
-------+----------+-------------------------------------------
     0 | D:1      | Djinn71 the Gargoyle Monk began the quest for the Orb.
     0 | D:1      | Reached XP level 1. HP: 14/14 MP: 1/1
   758 | D:1      | Reached XP level 2. HP: 19/19 MP: 2/2
  1420 | D:2      | Reached XP level 3. HP: 20/23 MP: 3/3
  1578 | D:2      | Noticed Jessica
  1611 | D:2      | Killed Jessica
  1611 | D:2      | Reached XP level 4. HP: 24/29 MP: 4/4
  1797 | D:2      | Gained mutation: You are agile. (Dex +2) [potion of
                  | mutation]
  1797 | D:2      | Gained mutation: You are somewhat resistant to further
                  | mutation. [potion of mutation]
  1819 | D:2      | Reached skill level 4 in Maces & Flails
  2035 | D:3      | Reached skill level 1 in Armour
  2097 | D:3      | Reached XP level 5. HP: 26/33 MP: 5/5
  2524 | D:3      | Reached XP level 6. HP: 38/39 MP: 6/6
  2807 | D:4      | Reached skill level 5 in Maces & Flails
  3082 | D:4      | Noticed an orc warrior
  3299 | D:3      | Mangled by an orc warrior

Levels and vault maps discovered:
D:1:      roderic_crop_circles_arrival_small, layout_basic, minmay_pentomino_o2
D:2:      layout_basic, uniq_jessica
D:3:      layout_rooms
D:4:      layout_basic, led_sif_book

Skill      XL: |  1  2  3  4  5  6 |
---------------+-------------------+-----
Stealth        | 3 |  3.0
Maces & Flails | 4 5 |  5.4
Armour         | 1 2 |  2.7
Fighting       | 4 |  4.7
Dodging        | |  2.7

Action                   |  1- 3 |  4- 6 || total
-------------------------+-------+-------++-------
Melee: Mace              |    85 |   300 ||   385
  Use: Potion            |       |     3 ||     3
       Scroll            |       |     4 ||     4
 Stab: Sleeping          |       |     3 ||     3
       Distracted        |       |     1 ||     1
  Eat: Chunk             |     2 |     4 ||     6
       Ration            |       |     1 ||     1
Armor: Robe              |    26 |       ||    26
       Ring mail         |     8 |   172 ||   180
Dodge: Dodged            |    57 |   263 ||   320

Table legend:
 A = Non-vault XP
 B = Vault XP
 C = Vault XP percentage of total XP
 D = Non-vault monster count
 E = Vault monster count
 F = Vault count percentage of total count
                 A         B        C        D         E       F
            +---------+---------+-------+---------+---------+-------
      Total |     483 |      40 |   7.6 |      75 |       3 |   3.8
            +---------+---------+-------+---------+---------+-------
        D:1 |      18 |       3 |  14.3 |      10 |       2 |  16.7
        D:2 |      76 |      37 |  32.7 |      18 |       1 |   5.3
        D:3 |     191 |       0 |   0.0 |      34 |       0 |   0.0
        D:4 |     198 |       0 |   0.0 |      13 |       0 |   0.0
            +---------+---------+-------+---------+---------+-------
